 Dungeon Crawl Stone Soup version 0.28.0-53-g5a82cb258f (webtiles) character file.

Game seed: 6356251337944341209

130 Descartes the Skirmisher (level 4, 0/29 HPs)
             Began as a Deep Elf Wanderer on July 29, 2022.
             Succumbed to a scorpion's poison
             ... on level 3 of the Dungeon.
             The game lasted 00:04:17 (3111 turns).

Descartes the Skirmisher (Deep Elf Wanderer)        Turns: 3111, Time: 00:04:18

Health: 0/29       AC:  3    Str: 12    XL:     4   Next: 89%
Magic:  9/9        EV: 10    Int: 18    God:
Gold:   99         SH:  8    Dex: 24    Spells: 7/7 levels left

rFire   . . .      SeeInvis .   p - +2 dagger (vamp)
rCold   . . .      Faith    .   b - +2 buckler
rNeg    . . .      Spirit   .   k - +0 leather armour
rPois   .          Reflect  .   (no helmet)
rElec   .          Harm     .   (no cloak)
rCorr   .          Rampage  .   (no gloves)
Will    .....                   (no boots)
Stlth   ++........              (no amulet)
HPRegen 0.09/turn               i - +6 ring of dexterity
MPRegen 0.11/turn               u - +6 ring of dexterity

@: lethally poisoned (0 -> -4)
A: no striking features
a: no special abilities


You were on level 3 of the Dungeon.
You visited 1 branch of the dungeon, and saw 3 of its levels.

You collected 99 gold pieces.

Inventory:

Hand Weapons
 a - a +1 hand crossbow
 n - a +0 rapier
 p - a +2 vampiric dagger (weapon)
 q - a +0 hunting sling
Missiles
 c - 9 bolts
 j - 64 stones (quivered)
 w - 19 arrows
Armour
 b - a +2 buckler (worn)
 d - a +0 robe
 k - a +0 leather armour (worn)
Jewellery
 i - a +6 ring of dexterity (left hand)
 u - a +6 ring of dexterity (right hand)
Wands
 A - a wand of paralysis (8)
Scrolls
 e - 2 scrolls of enchant armour {unknown}
 f - 3 scrolls of blinking {unknown}
 h - a scroll of brand weapon {unknown}
 r - a scroll of vulnerability {unknown}
 v - a scroll of identify {unknown}
 x - a scroll of teleportation {unknown}
 y - a scroll of fear {unknown}
Potions
 g - a potion of degeneration {unknown}
 l - 2 potions of curing {unknown}
 m - a potion of cancellation {unknown}
 o - a potion of flight {unknown}
 s - a potion of might {unknown}
 t - a potion of lignification {unknown}
 z - a potion of invisibility {unknown}


   Skills:
 - Level 4.1 Fighting
 + Level 0.8 Short Blades
 + Level 0.6(1.0) Slings
 + Level 0.9 Bows
 + Level 2.4 Crossbows
 + Level 1.1(1.3) Throwing
 - Level 1.1 Armour
 + Level 1.3 Stealth
 + Level 2.2 Shields
 + Level 2.1 Spellcasting
 + Level 0.9 Conjurations
 + Level 0.0 Evocations


You had 7 spell levels left.
You didn't know any spells.
Your spell library contained the following spells:

 Spells                   Type           Power      Damage    Failure   Level
 Corpse Rot               Necr/Air       2%         N/A       43%         2
 Poisonous Vapours        Pois/Air       2%         N/A       43%         2


Dungeon Overview and Level Annotations

Branches:
Dungeon (3/15)

Altars:
Wu Jian

Annotations:
D:3 3 runed translucent doors, Labrat's ghost, amateur DgCj


Message History

The scorpion is heavily wounded.
You feel very sick. The scorpion barely misses you.
You are too injured to fight recklessly!
You are too injured to fight recklessly!
You are too injured to fight recklessly!
You are too injured to fight recklessly!
You are too injured to fight recklessly!
You are too injured to fight recklessly!
You are too injured to fight recklessly!
You are too injured to fight recklessly!
You are too injured to fight recklessly!
You are too injured to fight recklessly!
You are too injured to fight recklessly!
You are too injured to fight recklessly!
You are too injured to fight recklessly!
Unknown command.
You closely miss the scorpion.
The scorpion is heavily wounded.
You feel sick. The scorpion barely misses you.
You hit the scorpion.
The scorpion is severely wounded.
You feel sick. The scorpion closely misses you.
You closely miss the scorpion.
The scorpion is severely wounded.
* * * LOW HITPOINT WARNING * * *
You feel sick. The scorpion stings you.
* * * LOW HITPOINT WARNING * * *
You hit the scorpion.
You feel better.
The scorpion is severely wounded.
* * * LOW HITPOINT WARNING * * *
You feel sick. You block the scorpion's attack.
The scorpion completely misses you.
You barely miss the scorpion.
The scorpion is severely wounded.
* * * LOW HITPOINT WARNING * * *
You feel sick. You block the scorpion's attack.
You hit the scorpion but do no damage.
The scorpion is severely wounded.
You die...

##########
#........#
##.######.#
##...##
#.########
##.....##
#.@s......
####.......#
##########
#..........#
##.##...)...#
...###.....##
#### ##...##
...<..
#######


You could see a scorpion.

Vanquished Creatures
  5 adders
  4 worms
  7 bats
  8 endoplasms
  2 giant cockroaches
  3 goblins
  8 hobgoblins
  8 jackals
  9 kobolds
  4 quokkas
  4 ball pythons
  5 rats
67 creatures vanquished.

Notes
Turn   | Place    | Note
-------+----------+-------------------------------------------
     0 | D:1      | Descartes the Deep Elf Wanderer began the quest for the
                  | Orb.
     0 | D:1      | Descartes set off with the following items: a +1 hand
                  | crossbow, a +2 buckler, 22 bolts, a +0 robe
     0 | D:1      | Reached XP level 1. HP: 15/15 MP: 3/3
   237 | D:1      | Reached XP level 2. HP: 20/20 MP: 4/4
   529 | D:1      | Reached skill level 1 in Spellcasting
  1141 | D:2      | Reached XP level 3. HP: 24/24 MP: 6/6
  1347 | D:2      | Found an ornate altar of the Wu Jian Council.
  1460 | D:2      | Found a faded altar of an unknown god.
  1680 | D:2      | Reached XP level 4. HP: 29/29 MP: 8/8
  1824 | D:2      | Reached skill level 1 in Throwing
  2035 | D:3      | Reached skill level 1 in Stealth
  2453 | D:3      | Found a runed translucent gate.
  2455 | D:3      | Found a runed translucent gate.
  2455 | D:3      | Noticed Labrat's ghost (amateur DgCj)
  2460 | D:3      | Noticed a kobold brigand
  2461 | D:3      | Found a runed translucent gate.
  3098 | D:3      | Noticed a scorpion
  3110 | D:3      | HP: 1/29 [poisoned by a scorpion]
  3111 | D:3      | Succumbed to a scorpion's poison

Illustrated notes

Levels and vault maps discovered:
D:1:      pf_arrival_petrified_forest, layout_basic, nicolae_figureground_pulse
D:2:      layout_basic, chequers_ecumenical_altar_simple, basic_altar,
          st_stairs_9
D:3:      layout_loops_ring, gammafunk_ghost_nasty_kobolds, grunt_ministairs_9,
          patterned_corridor

Skill      XL: |  1  2  3  4 |
---------------+-------------+-----
Crossbows      | 2 |  2.4
Spellcasting   | 1 2 |  2.1
Shields        | 2 |  2.2
Throwing       | 1 |  1.1
Stealth        | 1 |  1.3
Fighting       | |  4.1
Short Blades   | |  0.8
Slings         | |  0.6
Bows           | |  0.9
Armour         | |  1.1
Conjurations   | |  0.9

Action                   |  1- 3 |  4- 6 || total
-------------------------+-------+-------++-------
Melee: Dagger            |       |    62 ||    62
 Fire: Hand crossbow     |    79 |    21 ||   100
 Stab: Sleeping          |       |     7 ||     7
Armor: Robe              |     4 |       ||     4
       Leather armour    |     1 |    12 ||    13
Dodge: Dodged            |    10 |    25 ||    35
Block: Buckler           |     8 |    20 ||    28
